 Dungeon Crawl Stone Soup version 0.29.0-4-gdea44cf6ec (webtiles) character file.

Game seed: 9667575883035635655

3178 qw the Cleaver (level 10, -16/76 HPs)
             Began as a Formicid Cinder Acolyte on Sept 3, 2022.
             Was an Elder of Ignis.
             Killed from afar by an ice statue (29 damage)
             ... with a freezing blast
             ... on level 9 of the Dungeon.
             The game lasted 00:03:41 (8401 turns).

qw the Cleaver (Formicid Cinder Acolyte)            Turns: 8401, Time: 00:03:42

Health: -16/76     AC: 27    Str: 29    XL:     10   Next: 16%
Magic:  11/11      EV:  7    Int: 14    God:    Ignis [****..]
Gold:   203        SH: 10    Dex:  9    Spells: 11/11 levels left

rFire   + . .      SeeInvis +   g - +8 battleaxe of Unreason {drain, SInv Stlth+}
rCold   . . .      Faith    .   e - +0 kite shield
rNeg    . . .      Spirit   .   p - +0 plate armour
rPois   .          Reflect  .   (helmet unavailable)
rElec   .          Harm     .   d - +1 cloak
rCorr   .          Rampage  .   j - +2 pair of gloves
Will    +....                   q - +1 pair of boots
Stlth   ..........              (no amulet)
HPRegen 0.22/turn               l - +6 ring of strength
MPRegen 0.12/turn               (no ring)

@: fiery-armoured
A: permanent stasis, dig shafts and tunnels, antennae 3, four strong arms
a: Dig, Shaft Self, Renounce Religion, Fiery Armour, Foxfire Swarm, Rising Flame


You were on level 9 of the Dungeon.
You worshipped Ignis.
Ignis was greatly pleased with you.
You visited 1 branch of the dungeon, and saw 10 of its levels.

You collected 444 gold pieces.
You spent 241 gold pieces at shops.


Innate Abilities, Weirdness & Mutations

You cannot be hasted, slowed, berserked, paralysed or teleported.
You can dig through walls and to a lower floor.
You have a pair of large antennae on your head. (SInv)
Your four strong arms can wield two-handed weapons with a shield.


   Skills:
 - Level 6.1 Fighting
 + Level 9.3 Axes
 - Level 2.1 Throwing
 - Level 5.1 Armour
 - Level 2.2 Dodging
 - Level 9.1 Shields
 - Level 1.1 Spellcasting
 - Level 3.0 Fire Magic


You had 11 spell levels left.
You didn't know any spells.
Your spell library contained the following spells:

 Spells                   Type           Power      Damage    Failure   Level
 Scorch                   Fire           18%        2d5       92%         2

Inventory:

Hand Weapons
 b - a +0 hand axe of flaming
 g - the +8 battleaxe of Unreason (weapon) {drain, SInv Stlth+}
   (You bought it in a shop on level 5 of the Dungeon)

   A truly terrible weapon, it drains the life of any living foe it strikes.
   SInv:      It lets you see invisible.
   Stlth:     It makes you more stealthy.
Missiles
 r - 2 boomerangs (quivered)
Armour
 d - a +1 cloak (worn)
 e - a +0 kite shield (worn)
 j - a +2 pair of gloves (worn)
 p - a +0 plate armour (worn)
 q - a +1 pair of boots (worn)
Jewellery
 l - a +6 ring of strength (left hand)
Scrolls
 c - a scroll of enchant weapon
 k - a scroll of identify
Potions
 a - 3 potions of mutation
 f - 3 potions of curing
 n - a potion of resistance
 o - a potion of cancellation {unknown}
 s - a potion of might

Dungeon Overview and Level Annotations

Branches:
Dungeon (10/15)            Temple (0/1) D:7
   Lair: D:8-11         Orc: D:9-12

Altars:
Ashenzari
Cheibriados
Dithmenos
Kikubaaqudgha
Makhleb
Okawaru
Qazlal
Yredelemnul
Zin
The Shining One

Shops:
D:5 (   D:8 *


Message History

The ice beast is severely wounded.
You block the ice beast's attack.
You slice the ice beast!!
You kill the ice beast!
The ice beast disappears in a puff of smoke!
The ice statue gestures at you. The freezing blast engulfs you!
The ice statue glitters chillingly in the dim dungeon light.
The ice statue gestures.
8396 ||| Stepping ~*~*~tactically~*~*~ (cloud).
Found a scroll of identify.
The ice statue gestures at you. The bolt of cold hits you!!
You block the ice beast's attack.
You slice the ice beast!! You drain the ice beast.
The ice beast is severely wounded.
You block the ice beast's attack.
You hit the ice beast. You drain the ice beast.
The ice beast is almost dead.
You block the ice beast's attack.
You closely miss the ice beast.
The ice beast is almost dead.
The ice beast hits you but does no damage.
The ice statue gestures at you. The bolt of cold hits you!!
You slice the ice beast!!
You kill the ice beast!
The ice beast disappears in a puff of smoke!
You slash the ice beast!
The ice beast hits you but does no damage.
The ice beast melts!
The ice beast is burned by your cloak of flames.
The ice beast is heavily wounded.
The ice beast barely misses you. The ice statue gestures at you.
The freezing blast engulfs the ice beast.
The ice beast completely resists.
8401 ||| Stepping ~*~*~tactically~*~*~ (cloud).
The ice statue gestures at you. The freezing blast engulfs you!!
You die...

#.........###.....#
#......#### #.....#
#......######.....#
####......>######.####
#>......# #....#
+.......### ####.#
#..........######.#
#.................#
######.....@......#
.......0000...#
......00Y.....#
.+.....000....#
.......8!.0...#
#.......$.....#
#.............#
#.............#
#..........?##


You could see an ice statue and an ice beast (summoned).

Vanquished Creatures
  Maggie (D:6)
  A steam dragon (D:7)
  Menkaure (D:7)
  An acid dragon (D:9)
  A water moccasin (D:5)
  2 sky beasts (D:7)
  2 ice beasts
  A black bear (D:7)
  A hornet zombie (D:5)
  A centaur (D:4)
  An ogre (D:5)
  A kobold brigand (D:6)
  2 gnoll sergeants
  2 necrophages
  2 scorpions
  9 wights (D:7)
  3 bullfrog zombies (D:5)
  A jelly (D:4)
  2 hounds
  3 orc priests (D:6)
  2 orc wizards (D:6)
  5 iguanas
  2 hound zombies (D:5)
  20 gnolls
  5 adders
  A white imp (D:7)
  2 worms
  2 dart slugs
  15 orcs
  6 endoplasms
  3 giant cockroaches
  8 goblins
  10 hobgoblins
  6 jackals
  4 quokkas
  5 ball pythons
  6 bats
  4 frilled lizards
  11 kobolds
  6 rats
161 creatures vanquished.

Vanquished Creatures (others)
  3 plants (D:1)
3 creatures vanquished.

Grand Total: 164 creatures vanquished

Notes
Turn   | Place    | Note
-------+----------+-------------------------------------------
     0 | D:1      | qw the Formicid Cinder Acolyte began the quest for the Orb.
     0 | D:1      | Reached XP level 1. HP: 18/18 MP: 2/2
     0 | D:1      | 0 ||| qw: Version: 0.1-a-102-g441f92d
     0 | D:1      | 0 ||| qw: Game counter: 5186
     0 | D:1      | 0 ||| qw: Always use a shield: true
     0 | D:1      | 0 ||| qw: God list: Okawaru
     0 | D:1      | 0 ||| qw: Allow faded altars: false
     0 | D:1      | 0 ||| qw: Do Orc after D:15 true
     0 | D:1      | 0 ||| qw: Do second Lair branch before Depths: true
     0 | D:1      | 0 ||| qw: Lair rune preference: random
     0 | D:1      | 0 ||| qw: Plans: Normal
     0 | D:1      | 0 ||| PLANNING D:1-11
   275 | D:1      | Reached XP level 2. HP: 24/24 MP: 3/3
   388 | D:1      | 388 ||| Stepping ~*~*~tactically~*~*~ (hiding).
   561 | D:1      | 561 ||| Stepping ~*~*~tactically~*~*~ (stealth).
   564 | D:1      | Reached XP level 3. HP: 29/29 MP: 4/4
   893 | D:1      | Found a faded altar of an unknown god.
   987 | D:1      | 987 ||| UPGRADING to +0 chain mail.
   997 | D:1      | 997 ||| DROPPING +0 robe.
   998 | D:1      | 998 ||| READING scroll labelled RINNAO LOIGEB.
   999 | D:1      | 999 ||| READING scroll labelled MAACVI DEAQ.
  1291 | D:2      | Reached skill level 1 in Armour
  1525 | D:2      | Reached XP level 4. HP: 23/35 MP: 5/5
  1533 | D:2      | 1533 ||| Stepping ~*~*~tactically~*~*~ (stealth).
  1539 | D:2      | 1539 ||| Stepping ~*~*~tactically~*~*~ (stealth).
  1540 | D:2      | 1540 ||| Stepping ~*~*~tactically~*~*~ (stealth).
  1658 | D:2      | 1658 ||| SWAPPING to +0 war axe.
  2343 | D:2      | 2343 ||| UPGRADING to +0 cloak.
  2348 | D:2      | 2348 ||| READING scroll labelled ZYCOETH NIEZA.
  2349 | D:2      | 2349 ||| READING 2 scrolls labelled JYWKUENIUF.
  2350 | D:2      | 2350 ||| READING scroll labelled ALAVUST MUEMEGO.
  2351 | D:2      | 2351 ||| READING scroll labelled PEOWACKYPA.
  2352 | D:2      | 2352 ||| DROPPING scroll of magic mapping.
  2425 | D:3      | 2425 ||| Stepping ~*~*~tactically~*~*~ (stealth).
  2436 | D:3      | 2436 ||| Stepping ~*~*~tactically~*~*~ (stealth).
  2437 | D:3      | 2437 ||| Stepping ~*~*~tactically~*~*~ (stealth).
  2444 | D:3      | 2444 ||| Stepping ~*~*~tactically~*~*~ (stealth).
  2453 | D:3      | 2453 ||| Stepping ~*~*~tactically~*~*~ (stealth).
  2526 | D:3      | 2526 ||| Stepping ~*~*~tactically~*~*~ (stealth).
  2527 | D:3      | 2527 ||| Stepping ~*~*~tactically~*~*~ (stealth).
  2819 | D:3      | 2819 ||| UPGRADING to +2 pair of gloves.
  2824 | D:3      | 2824 ||| READING scroll labelled BAC SEYDWOTY.
  2825 | D:3      | 2825 ||| DRINKING 2 fizzy white potions.
  2826 | D:3      | 2826 ||| READING 2 scrolls of identify.
  2826 | D:3      | 2826 ||| IDENTIFYING viscous coppery potion
  2852 | D:4      | 2852 ||| READING scroll of enchant armour.
  2852 | D:4      | 2852 ||| ENCHANTING +0 cloak.
  2938 | D:4      | Noticed a scorpion
  2944 | D:4      | Killed a scorpion
  2945 | D:4      | Reached skill level 3 in Armour
  2945 | D:4      | Reached XP level 5. HP: 37/41 MP: 6/6
  2978 | D:4      | 2978 ||| Stepping ~*~*~tactically~*~*~ (stealth).
  3177 | D:4      | 3177 ||| READING scroll of enchant weapon.
  3177 | D:4      | 3177 ||| ENCHANTING +0 war axe.
  3237 | D:4      | 3237 ||| INVOKING Fiery Armour.
  3238 | D:4      | Reached XP level 6. HP: 23/47 MP: 7/7
  3658 | D:4      | Found a glowing golden altar of the Shining One.
  3667 | D:4      | Found a burning altar of Makhleb.
  3798 | D:4      | 3798 ||| INVOKING Fiery Armour.
  4144 | D:4      | 4144 ||| UPGRADING to +0 pair of boots.
  4149 | D:4      | 4149 ||| UPGRADING to +6 ring of strength.
  4150 | D:4      | 4150 ||| READING scroll labelled VEISHOSYKA.
  4151 | D:4      | 4151 ||| DRINKING 3 glowing clear potions.
  4152 | D:4      | 4152 ||| DROPPING 2 potions of attraction.
  4155 | D:5      | Entered Level 5 of the Dungeon
  4156 | D:5      | 4156 ||| STAIRDANCE
  4158 | D:4      | 4158 ||| INVOKING Fiery Armour.
  4196 | D:5      | 4196 ||| STAIRDANCE
  4212 | D:5      | Noticed an ogre
  4213 | D:5      | 4213 ||| STAIRDANCE
  4216 | D:4      | Reached skill level 6 in Axes
  4249 | D:5      | Killed an ogre
  4250 | D:5      | Reached XP level 7. HP: 31/52 MP: 8/8
  4250 | D:5      | 4250 ||| STAIRDANCE
  4430 | D:5      | 4430 ||| READING scroll of enchant armour.
  4430 | D:5      | 4430 ||| ENCHANTING +0 pair of boots.
  4456 | D:5      | 4456 ||| FLEEEEING.
  4457 | D:5      | 4457 ||| FLEEEEING.
  4462 | D:5      | 4462 ||| FLEEEEING.
  4463 | D:5      | 4463 ||| FLEEEEING.
  4464 | D:5      | 4464 ||| FLEEEEING.
  4473 | D:5      | 4473 ||| Stepping ~*~*~tactically~*~*~ (hiding).
  4480 | D:5      | 4480 ||| INVOKING Fiery Armour.
  4481 | D:5      | 4481 ||| Stepping ~*~*~tactically~*~*~ (hiding).
  4484 | D:5      | 4484 ||| Stepping ~*~*~tactically~*~*~ (hiding).
  4488 | D:5      | 4488 ||| Stepping ~*~*~tactically~*~*~ (hiding).
  4494 | D:5      | HP: 10/54 [gnoll sergeant/+0 spear (9)]
  4499 | D:5      | HP: 8/54 [gnoll sergeant/+0 spear (1)]
  4501 | D:5      | HP: 2/54 [gnoll/+0 halberd[a gnoll sergeant] (6)]
  4791 | D:5      | 4791 ||| Stepping ~*~*~tactically~*~*~ (stealth).
  5108 | D:5      | Reached XP level 8. HP: 55/60 MP: 9/9
  5198 | D:5      | Found Piputuwn's Antique Weapon Shoppe.
  5201 | D:5      | 5201 ||| BUYING crude battleaxe (241 gold).
  5201 | D:5      | Bought a crude battleaxe for 241 gold pieces
  5201 | D:5      | Identified the +8 battleaxe of Unreason {drain, SInv
                  | Stlth+} (You bought it in a shop on level 5 of the Dungeon)
  5201 | D:5      | 5201 ||| SWAPPING to +8 battleaxe of Unreason {drain, SInv
                  | Stlth+}.
  5202 | D:5      | 5202 ||| DROPPING +1 war axe.
  5207 | D:5      | 5207 ||| Stepping ~*~*~tactically~*~*~ (hiding).
  5209 | D:5      | Found a broken altar of Ashenzari.
  5441 | D:5      | 5441 ||| Stepping ~*~*~tactically~*~*~ (stealth).
  5500 | D:5      | Found a glowing silver altar of Zin.
  5508 | D:5      | Found an ancient bone altar of Kikubaaqudgha.
  5703 | D:5      | Found a basalt altar of Yredelemnul.
  5769 | D:5      | 5769 ||| UPGRADING to +0 kite shield.
  5774 | D:5      | 5774 ||| DROPPING +2 ring mail of willpower.
  5775 | D:5      | 5775 ||| READING scroll labelled KEIN XEEJEU.
  5776 | D:5      | 5776 ||| DRINKING 3 orange potions.
  5777 | D:5      | 5777 ||| DROPPING 2 potions of brilliance.
  5778 | D:5      | 5778 ||| Stepping randomly (stuck).
  5779 | D:5      | 5779 ||| Stepping ~*~*~tactically~*~*~ (cloud).
  5960 | D:6      | Reached skill level 1 in Shields
  6049 | D:6      | 6049 ||| FLEEEEING.
  6050 | D:6      | 6050 ||| FLEEEEING.
  6051 | D:6      | 6051 ||| FLEEEEING.
  6052 | D:6      | 6052 ||| FLEEEEING.
  6053 | D:6      | 6053 ||| FLEEEEING.
  6054 | D:6      | 6054 ||| FLEEEEING.
  6055 | D:6      | 6055 ||| FLEEEEING.
  6056 | D:6      | 6056 ||| FLEEEEING.
  6090 | D:6      | Noticed Maggie
  6098 | D:6      | Killed Maggie
  6099 | D:6      | Reached XP level 9. HP: 39/68 MP: 10/10
  6254 | D:6      | Found a snail-covered altar of Cheibriados.
  6333 | D:6      | 6333 ||| READING scroll labelled KAKKYEZ IP IRURR.
  6334 | D:6      | 6334 ||| DRINKING 2 grey potions.
  6335 | D:6      | 6335 ||| DROPPING potion of invisibility.
  6336 | D:6      | 6336 ||| Stepping randomly (stuck).
  6337 | D:6      | 6337 ||| Stepping randomly (stuck).
  6338 | D:6      | 6338 ||| Stepping randomly (stuck).
  6339 | D:6      | 6339 ||| Stepping randomly (stuck).
  6340 | D:6      | 6340 ||| Stepping randomly (stuck).
  6345 | D:6      | 6345 ||| Stepping randomly (stuck).
  6346 | D:6      | 6346 ||| Stepping randomly (stuck).
  6347 | D:6      | 6347 ||| Stepping randomly (stuck).
  6348 | D:6      | 6348 ||| Stepping randomly (stuck).
  6349 | D:6      | 6349 ||| Stepping randomly (stuck).
  6350 | D:6      | 6350 ||| Stepping randomly (stuck).
  6351 | D:6      | 6351 ||| Stepping randomly (stuck).
  6354 | D:6      | 6354 ||| Stepping ~*~*~tactically~*~*~ (water).
  6368 | D:6      | Reached skill level 6 in Shields
  6386 | D:6      | 6386 ||| Stepping ~*~*~tactically~*~*~ (hiding).
  7161 | D:6      | 7161 ||| UPGRADING to +0 plate armour.
  7171 | D:6      | 7171 ||| DROPPING +0 chain mail.
  7172 | D:6      | 7172 ||| READING scroll labelled HUIQUKUSA BUNT.
  7245 | D:7      | Found an iron altar of Okawaru.
  7411 | D:7      | 7411 ||| Stepping ~*~*~tactically~*~*~ (stealth).
  7423 | D:7      | Reached skill level 9 in Axes
  7446 | D:7      | 7446 ||| Stepping ~*~*~tactically~*~*~ (stealth).
  7684 | D:7      | Found a shadowy altar of Dithmenos.
  7773 | D:7      | Reached XP level 10. HP: 61/76 MP: 11/11
  7864 | D:7      | 7864 ||| Stepping ~*~*~tactically~*~*~ (stealth).
  7867 | D:7      | Reached skill level 6 in Fighting
  7873 | D:7      | 7873 ||| Stepping ~*~*~tactically~*~*~ (stealth).
  7874 | D:7      | 7874 ||| Stepping ~*~*~tactically~*~*~ (stealth).
  7882 | D:7      | 7882 ||| Stepping ~*~*~tactically~*~*~ (stealth).
  7912 | D:7      | Noticed Menkaure
  7918 | D:7      | Killed Menkaure
  7919 | D:7      | Reached skill level 9 in Shields
  8024 | D:7      | Found a staircase to the Ecumenical Temple.
  8072 | D:7      | 8072 ||| READING scroll labelled HYLATIHYEN.
  8073 | D:7      | 8073 ||| READING 4 scrolls of identify.
  8073 | D:7      | 8073 ||| IDENTIFYING lumpy purple potion
  8074 | D:7      | 8074 ||| READING 3 scrolls of identify.
  8074 | D:7      | 8074 ||| IDENTIFYING purple potion
  8075 | D:7      | 8075 ||| READING 2 scrolls of identify.
  8075 | D:7      | 8075 ||| IDENTIFYING fuming grey potion
  8076 | D:7      | 8076 ||| DROPPING potion of lignification.
  8077 | D:7      | 8077 ||| DROPPING potion of degeneration.
  8094 | D:8      | Found Ugiatz's Overcharged Wands.
  8104 | D:8      | 8104 ||| SHOPLISTING wand of digging (11) (693 gold, have
                  | 184).
  8141 | D:8      | Found a stormy altar of Qazlal.
  8165 | D:8      | You fall into a shaft and drop 2 floors!
  8165 | D:10     | Entered Level 10 of the Dungeon
  8186 | D:10     | 8186 ||| DRINKING 2 murky red potions.
  8383 | D:9      | Noticed an ice statue
  8384 | D:9      | 8384 ||| INVOKING Fiery Armour.
  8388 | D:9      | 8388 ||| Stepping randomly (cloudy).
  8389 | D:9      | 8389 ||| Stepping randomly (cloudy).
  8390 | D:9      | 8390 ||| Stepping ~*~*~tactically~*~*~ (cloud).
  8396 | D:9      | 8396 ||| Stepping ~*~*~tactically~*~*~ (cloud).
  8399 | D:9      | HP: 12/76 [ice statue/bolt of cold (18)]
  8401 | D:9      | 8401 ||| Stepping ~*~*~tactically~*~*~ (cloud).
  8401 | D:9      | Killed from afar by an ice statue

Levels and vault maps discovered:
D:1:      minmay_arrival_diagonal_passages, layout_basic,
          shapermc_ecumenical_altar_rom_forum
D:2:      layout_basic, roderic_roman_lattice, serial_bayou_crossing
D:3:      layout_rooms
D:4:      layout_loops_cross, mainiacjoe_overflow_swirl, serial_rivers,
          chequers_serial_rivers_micro_d, chequers_serial_rivers_large_b,
          chequers_serial_rivers_small_3, chequers_serial_rivers_small_a,
          chequers_serial_rivers_micro_d, dreamdust_wishing_well
D:5:      layout_loops_ring, ashenzari_altar_1,
          nicolae_yredelemnul_corpse_copse, nicolae_overflow_squiral,
          serial_shops, kennysheep_mini, minmay_misc_feat_hallway
D:6:      cheibrodos_thug_alley, layout_cave_pods,
          lemuel_coloured_pillars_altar, minmay_misc_feat_cross, uniq_maggie
D:7:      layout_basic, okawaru_trees_1, mainiacjoe_overflow_surrounded_room,
          minmay_temple_entry_statues, uniq_menkaure
D:8:      layout_rooms, nicolae_qazlal_general_emergency, enter_bailey_3,
          nicolae_shop_overcharged_wands
D:9:      minmay_the_grid_triangle_9x9_rhombus_thin_mashed
          [minmay_the_grid_triangle_9x9_minimal,
          minmay_the_grid_triangle_9x9_prize_top_heavy,
          minmay_the_grid_triangle_9x9_pentomino_pain,
          minmay_the_grid_triangle_9x9_zippers_horizontal], layout_gridville,
          serial_undead, serial_undead_f, serial_undead_b, serial_undead_d,
          serial_undead_b, nicolae_concentric_dashed_squares_mild,
          nicolae_inconvenience_store, minivault_16,
          kennysheep_decorative_pillar, uniq_erolcha
D:10:     layout_loops_ring, nzn_hepliaklqana_mist_gate,
          nicolae_elyvilon_temple_path, nicolae_take_the_stairs,
          nicolae_figureground_pulse, uniq_snorg

Skill      XL: |  1  2  3  4  5  6  7  8  9 10 |
---------------+-------------------------------+-----
Axes           | 4 5 6 7 8 9 |  9.3
Armour         | 1 3 5 |  5.1
Dodging        | 2 |  2.2
Fighting       | 4 5 6 |  6.1
Throwing       | 2 |  2.1
Shields        | 5 8 9 |  9.1
Spellcasting   | |  1.1
Fire Magic     | |  3.0

Action                   |  1- 3 |  4- 6 |  7- 9 | 10-12 || total
-------------------------+-------+-------+-------+-------++-------
Melee: Hand axe          |    94 |       |       |       ||    94
       War axe           |       |    99 |    55 |       ||   154
       Punch             |       |     2 |       |       ||     2
       Battleaxe         |       |       |   126 |    18 ||   144
Throw: Boomerang         |    34 |    26 |    44 |    10 ||   114
Invok: Fiery Armour      |       |     3 |     1 |     1 ||     5
  Use: Scroll            |     2 |     9 |     4 |     4 ||    19
       Potion            |       |     2 |     2 |     1 ||     5
 Stab: Invisible         |       |       |     1 |       ||     1
Armor: Robe              |     9 |       |       |       ||     9
       Chain mail        |    31 |    61 |    75 |       ||   167
       Plate armour      |       |       |    25 |     5 ||    30
Dodge: Dodged            |    48 |    37 |    89 |     2 ||   176
Block: Kite shield       |       |       |    42 |     6 ||    48

Table legend:
 A = Non-vault XP
 B = Vault XP
 C = Vault XP percentage of total XP
 D = Non-vault monster count
 E = Vault monster count
 F = Vault count percentage of total count
                 A         B        C        D         E       F
            +---------+---------+-------+---------+---------+-------
      Total |    3576 |     965 |  21.3 |     144 |      17 |  10.6
            +---------+---------+-------+---------+---------+-------
        D:1 |      40 |       0 |   0.0 |      24 |       0 |   0.0
        D:2 |      72 |       0 |   0.0 |      22 |       0 |   0.0
        D:3 |      16 |       0 |   0.0 |       8 |       0 |   0.0
        D:4 |     368 |       0 |   0.0 |      22 |       0 |   0.0
        D:5 |     862 |     303 |  26.0 |      22 |       6 |  21.4
        D:6 |     514 |     490 |  48.8 |      20 |      10 |  33.3
        D:7 |    1545 |     172 |  10.0 |      25 |       1 |   3.8
        D:9 |     159 |       0 |   0.0 |       1 |       0 |   0.0
            +---------+---------+-------+---------+---------+-------
